 Dungeon Crawl Stone Soup version 0.30-b1-2-g02819fbbbe (webtiles) character file.

Game seed: 15720924675593465694

9 Alarkh the Conjurer (level 2, 19/19 HPs)
             Began as a Demonspawn Conjurer on May 30, 2023.
             Got out of the dungeon alive.
             The game lasted 00:00:22 (327 turns).

Alarkh the Conjurer (Demonspawn Conjurer)            Turns: 327, Time: 00:00:23

Health: 19/19      AC:  2    Str:  7    XL:     2   Next: 6%
Magic:  5/5        EV: 12    Int: 19    God:
Gold:   9          SH:  0    Dex: 11    Spells: 4/5 levels left

rFire   . . .        (no weapon)
rCold   . . .        (no shield)
rNeg    . . .        a - +0 robe
rPois   .            (no helmet)
rElec   .            (no cloak)
rCorr   .            (no gloves)
SInv    .            (no boots)
Will    .....        (no amulet)
Stlth   ++           (no ring)
HPRegen 0.23/turn    (no ring)
MPRegen 0.09/turn

%: no passive effects
@: no status effects
A: weakness stinger 1
a: no special abilities


You escaped.
You visited 1 branch of the dungeon, and saw 1 of its levels.

You collected 9 gold pieces.

Inventory:

Armour
 a - a +0 robe (worn)
Scrolls
 d - 3 scrolls of identify {unknown}
 e - a scroll of enchant weapon {unknown}
Potions
 b - a potion of magic
 c - 2 potions of attraction {unknown}
 f - 2 potions of berserk rage {unknown}


   Skills:
 - Level 1.7 Dodging
 - Level 1.7 Stealth
 + Level 2.0 Spellcasting
 * Level 4.5 Conjurations


You had 4 spell levels left.
You knew the following spells:

 Your Spells              Type           Power      Damage    Failure   Level
a - Magic Dart            Conj           76%        1d6       2%          1

Your spell library contained the following spells:

 Spells                   Type           Power      Damage    Failure   Level
 Searing Ray              Conj           38%        2d5       4%          2
 Dazzling Flash           Conj/Hex       20%        N/A       21%         3
 Fulminant Prism          Conj/Hex       5%         3d7       54%         4
 Iskenderun's Mystic Bla  Conj/Tloc      10%        2d4       54%         4


Dungeon Overview and Level Annotations

Branches:
Dungeon (1/15)

Altars:

Shops:
D:1 (


Innate Abilities, Weirdness & Mutations

You have a small tail.


Message History

The hobgoblin is moderately wounded.
The hobgoblin barely misses you.
You barely miss the hobgoblin.
Your tail-slap misses the hobgoblin.
The hobgoblin is moderately wounded.
The hobgoblin misses you.
You barely miss the hobgoblin.
The hobgoblin is moderately wounded.
The hobgoblin hits you.
You are too injured to fight recklessly!
You are too injured to fight recklessly!
Casting: Magic Dart (safe; 2% risk of failure)
Confirm with . or Enter, or press ? or * to list all spells.
Aiming: Magic Dart (safe; 2% risk of failure)
Press: ? - help, Shift-Dir - straight line, f/p - hobgoblin
Aim: a hobgoblin (moderately wounded, 100% to hit)
The magic dart hits the hobgoblin.
The hobgoblin is heavily wounded.
The hobgoblin hits you but does no damage.
You barely miss the hobgoblin.
The hobgoblin is heavily wounded.
The hobgoblin misses you.
You closely miss the hobgoblin. You tail-slap the hobgoblin.
The hobgoblin is almost dead.
The hobgoblin hits you.
You hit the hobgoblin but do no damage.
The hobgoblin is almost dead.
The hobgoblin barely misses you.
You closely miss the hobgoblin.
You tail-slap the hobgoblin, but do no damage.
The hobgoblin is almost dead.
The hobgoblin barely misses you.
You hit the hobgoblin.
You kill the hobgoblin!
Casting: Magic Dart (safe; 2% risk of failure)
Confirm with . or Enter, or press ? or * to list all spells.
You can't see any susceptible monsters within range! (Use Z to cast anyway.) HP restored.
There is a staircase leading out of the dungeon here.
Are you sure you want to leave the Dungeon?
This will make you lose the game!
You have escaped!

#...........# .......
#...........## ..^....
#............# ##.......
#............###........
#..............#........
#...........##...##.#
#...........####.##.#
...........####.##.#
..........##@#.##.#### .
.........##.#.#.....# .
........##.#..>###.# .
####### #.#.### #.# #
#######.#######.#
....(...........#
#######.######### #.#
#.#


There were no monsters in sight!

Vanquished Creatures
  A goblin (D:1)
  3 hobgoblins (D:1)
  A quokka (D:1)
  A bat (D:1)
  3 rats (D:1)
9 creatures vanquished.

Notes
Turn   | Place    | Note
-------+----------+-------------------------------------------
     0 | D:1      | Alarkh the Demonspawn Conjurer began the quest for the Orb.
     0 | D:1      | Reached XP level 1. HP: 13/13 MP: 3/3
   153 | D:1      | Found Vuhapsi's Antique Weapon Emporium.
   248 | D:1      | Discovered your monstrous ancestry.
   248 | D:1      | Gained mutation: You have a small tail. [demonic ancestry]
   248 | D:1      | Reached XP level 2. HP: 19/19 MP: 1/5
   327 | D:$      | Got out of the dungeon alive.

Illustrated notes

Levels and vault maps discovered:
D:1:      lemuel_arrival_cross, layout_basic, serial_shops, shop, minmay_cut_off

Action                     || total
---------------------------++-------
  Melee: Unarmed           ||    16
         Tailslap          ||     4
   Cast: Magic Dart        ||    14
   Stab: Sleeping          ||     1
 Armour: Robe              ||     1
  Dodge: Dodged            ||    12
